 Dungeon Crawl Stone Soup version 0.30-a0-721-ga6a225cb13 (webtiles) character file.

Game seed: 2979762375028587130

4706 kae the Arsonist (level 10, -22/70 HPs)
             Began as a Hill Orc Fire Elementalist on Jan 27, 2023.
             Was a Follower of Vehumet.
             Annihilated by a two-headed ogre
             ... wielding a +0 giant club
              (32 damage)
             ... on level 8 of the Dungeon.
             The game lasted 00:08:31 (9862 turns).

kae the Arsonist (Hill Orc Fire Elementalist)       Turns: 9862, Time: 00:08:32

Health: -22/70     AC:  4    Str: 12    XL:     10   Next: 45%
Magic:  9/17       EV: 12    Int: 19    God:    Vehumet [*.....]
Gold:   573        SH:  5    Dex: 11    Spells: 9/19 levels left

rFire   + . .      SeeInvis .    G - +2 battleaxe (heavy)
rCold   . . .      Faith    .    (shield currently unavailable)
rNeg    . . .      Spirit   .    a - +1 robe
rPois   .          Reflect  +    z - +0 helmet
rElec   .          Harm     .    (no cloak)
rCorr   .          Rampage  .    (no gloves)
Will    .....                    (no boots)
Stlth   ++                       x - amulet of reflection
HPRegen 0.31/turn                Z - ring of wizardry
MPRegen 0.15/turn                F - ring of protection from fire

@: no status effects
A: no striking features
a: Renounce Religion


You were on level 8 of the Dungeon.
You worshipped Vehumet.
Vehumet was aware of your devotion.
You visited 2 branches of the dungeon, and saw 9 of its levels.

You collected 573 gold pieces.


   Skills:
 + Level 0.3 Fighting
 + Level 4.0 Axes
 - Level 1.5 Dodging
 - Level 1.5 Stealth
 + Level 5.1 Spellcasting
 * Level 9.2 Conjurations
 - Level 2.0 Hexes
 * Level 10.6 Fire Magic


You had 9 spell levels left.
You knew the following spells:

 Your Spells              Type           Power      Damage    Failure   Level
a - Foxfire               Conj/Fire      100%       2x1d9     1%          1
b - Scorch                Fire           90%        2d9       1%          2
c - Inner Flame           Hex/Fire       28%        N/A       1%          3
d - Flame Wave            Conj/Fire      42%        2d11      1%          4

Your spell library contained the following spells:

 Spells                   Type           Power      Damage    Failure   Level
 Shock                    Conj/Air       88%        1d8       1%          1
 Hailstorm                Conj/Ice       22%        3d7       2%          3
 Fireball                 Conj/Fire      21%        3d10      2%          5
 Kindle Blastsparks       Fire/Tloc/Air  36%        2d13      3%          3
 Iskenderun's Battlesphe  Conj           40%        2d9       3%          5
 Apportation              Tloc           8%         N/A       4%          1
 Ensorcelled Hibernation  Hex/Ice        16%        N/A       4%          2
 Passwall                 Tmut/Erth      3%         N/A       8%          2
 Swiftness                Air            4%         N/A       16%         3
 Cause Fear               Hex            6%         N/A       21%         4
 Freezing Cloud           Conj/Ice/Air   8%         6-21      34%         5
 Orb of Destruction       Conj           20%        9d8       65%         7
 Conjure Ball Lightning   Conj/Air       11%        3x3d6     71%         6
 Simulacrum               Ice/Necr       2%         N/A       99%         6
 Dragon Form              Tmut           2%         N/A       100%        7
 Ozocubu's Refrigeration  Ice            2%         4d7       100%        7
 Dragon's Call            Summ           2%         N/A       100%        9
 Polar Vortex             Ice            2%         N/A       100%        9

Inventory:

Hand Weapons
 g - a +1 dagger of speed
   (You took it off a kobold on level 1 of the Dungeon)
 u - a +1 war axe
   (You took it off a hobgoblin on level 3 of the Dungeon)
 A - a +4 trident
   (You took it off an orc priest on level 6 of the Dungeon)
 G - a +2 heavy battleaxe (weapon)
   (You took it off a wight on level 6 of the Dungeon)
Missiles
 k - 3 silver javelins
 l - 93 stones
 o - 2 javelins
 y - 38 poisoned darts
 B - 2 curare-tipped darts {=f}
 M - 2 boomerangs
Armour
 a - a +1 robe (worn)
 z - a +0 helmet (worn)
   (You found it on level 6 of the Dungeon)
Magical Staves
 p - a staff of cold {!a}
   (You found it on level 2 of the Dungeon)
 w - a staff of poison {!a}
   (You found it on level 3 of the Dungeon)
Jewellery
 c - a ring of protection from cold
   (You found it on level 8 of the Dungeon)
 x - an amulet of reflection (around neck)
   (You found it on level 6 of the Dungeon)
 C - a ring of ice
   (You found it on level 5 of the Dungeon)
 D - a +6 ring of dexterity
   (You found it on level 5 of the Dungeon)
 F - a ring of protection from fire (right hand)
   (You found it on level 4 of the Dungeon)
 Z - a ring of wizardry (left hand)
   (You found it on level 3 of the Dungeon)
Wands
 q - a wand of polymorph (10)
   (You took it off an orc warrior on level 7 of the Dungeon)
 s - a wand of acid (11)
   (You found it on level 3 of the Dungeon)
 I - a wand of roots (3)
   (You took it off Ijyb on level 5 of the Dungeon)
Scrolls
 d - a scroll of poison {!r}
 e - 3 scrolls of magic mapping {!r}
 h - a scroll of torment {!r}
 i - 5 scrolls of teleportation {@r4}
 j - 4 scrolls of enchant weapon
 v - a scroll of amnesia
 E - a scroll of vulnerability {!r!r}
 H - 2 scrolls of identify {@r1}
 K - 2 scrolls of immolation {!r!r}
 N - a scroll of enchant armour
Potions
 b - 2 potions of magic
 f - a potion of degeneration {unknown}
 m - 6 potions of heal wounds {@q2}
 n - 2 potions of brilliance
 r - 3 potions of curing {@q1}
 t - 5 potions of lignification {!q}
 J - a potion of ambrosia {unknown}
 L - a potion of haste {@q3}

Dungeon Overview and Level Annotations

Branches:
Dungeon (8/15) Zot: 25755  Temple (1/1) D:5 Zot: 5670
   Lair: D:8-11

Altars:
Cheibriados
Dithmenos
Elyvilon
Fedhas
Gozag
Hepliaklqana
Kikubaaqudgha
Makhleb
Nemelex Xobeh
Okawaru
Qazlal
Ru
Sif Muna
Trog
Uskayaw
Vehumet
Wu Jian
Xom
Yredelemnul
Zin
The Shining One

Annotations:
D:5 4 runed translucent doors, Crazy Yiuf; Leeroy's ghost, amateur DjWr

.... #.# ..... #.# .....
#.# ## ......#.#..
......#.#.#
......#.#.###.#
......O.......# ####
##### #....@.......
...###...#######.#.#####
.).##.....## #†# ..
)).#.......# #.# ##
...'.......# #.#
)..#.......# #.#
...##.....## #.#
)..###...## #.# ...#
###########.# #.#.#


You could see a two-headed ogre (combustible).


Message History

Your mp is fully restored (17).
A bullfrog is nearby!
You closely miss the bullfrog. The bullfrog hits you.
The bullfrog snags a nearby butterfly with its tongue.
You block the bullfrog's attack. x2; The bullfrog misses you.
You closely miss the bullfrog. You block the bullfrog's attack.
The bullfrog hits you.
The bullfrog barely misses you. 😮 HP[-9]
You take 9 damage, and now have 50/69 hp.
Casting: Foxfire (safe; 1% risk of failure)
Confirm with . or Enter, or press ? or * to list all spells.
Flames lash the bullfrog.
The bullfrog's fire resistance burns away.
The bullfrog misses you. You block the bullfrog's attack.
The bullfrog hits you. 😮 HP[-5] MP[-2]
You take 5 damage, and now have 45/69 hp.
You lost 2 mp, and now have 15/17 mp.
You are too injured to fight recklessly!
You are too injured to fight recklessly!
Casting: Scorch (safe; 1% risk of failure)
Confirm with . or Enter, or press ? or * to list all spells.
Flames lash the bullfrog.
The bullfrog is burned terribly!
The bullfrog barely misses you. The bullfrog barely misses you.
The bullfrog closely misses you.
A bullfrog is nearby!
A bullfrog is nearby! 😮 MP[-2]
You lost 2 mp, and now have 13/17 mp.
A bullfrog is nearby!
Casting: Scorch (safe; 1% risk of failure)
Confirm with . or Enter, or press ? or * to list all spells.
Flames lash the bullfrog.
The bullfrog is burned terribly!
You kill the bullfrog!
Vehumet accepts your kill. Vehumet offers you knowledge of Shock.
You feel your power returning. 😮 HP[+2] MP[+1]
You now have 70 max hp (+1).
You regained 2 hp, and now have 47/70 hp.
Casting: Scorch (safe; 1% risk of failure)
Confirm with . or Enter, or press ? or * to list all spells.
You can't see any susceptible monsters within range! (Use Z to cast anyway.)
You see here a bullfrog corpse.
A two-headed ogre comes into view.
It is wielding two +0 giant clubs. 😕 HP[+18] MP[+3]
You regained 18 hp, and now have 65/70 hp.
Your mp is fully restored (17).
A two-headed ogre is nearby!
A two-headed ogre is nearby!
A two-headed ogre is nearby!
A two-headed ogre is nearby!
Okay, then.
Casting: Scorch (safe; 1% risk of failure)
Confirm with . or Enter, or press ? or * to list all spells.
You conjure some foxfire!
The two-headed ogre shouts in stereo!
The foxfire hits the two-headed ogre. x2 😕 MP[-1]
You lost 1 mp, and now have 16/17 mp.
Casting: Foxfire (safe; 1% risk of failure)
Confirm with . or Enter, or press ? or * to list all spells.
You conjure some foxfire!
The foxfire hits the two-headed ogre. x2 😕 HP[+1] MP[-1]
You lost 1 mp, and now have 15/17 mp.
Casting: Foxfire (safe; 1% risk of failure)
Confirm with . or Enter, or press ? or * to list all spells.
You can't see any susceptible monsters within range! (Use Z to cast anyway.)
Casting: Foxfire (safe; 1% risk of failure)
Confirm with . or Enter, or press ? or * to list all spells.
You conjure some foxfire!
The foxfire hits the two-headed ogre but does no damage.
The foxfire hits the two-headed ogre. 😕 HP[+1] MP[-1]
You lost 1 mp, and now have 14/17 mp.
Casting: Foxfire (safe; 1% risk of failure)
Confirm with . or Enter, or press ? or * to list all spells.
Flames lash the two-headed ogre.
The two-headed ogre's fire resistance burns away. 😕 MP[-1]
You lost 1 mp, and now have 13/17 mp.
Casting: Scorch (safe; 1% risk of failure)
Confirm with . or Enter, or press ? or * to list all spells.
Flames lash the two-headed ogre.
The two-headed ogre is burned terribly!
The two-headed ogre hits you with a +0 giant club!!
The two-headed ogre hits you with a +0 giant club!
* * * LOW HITPOINT WARNING * * *
The two-headed ogre hits you with a +0 giant club!!
* * * LOW HITPOINT WARNING * * *
The two-headed ogre barely misses you. 😱 HP[-58] MP[-2]
You take 58 damage, and now have 9/70 hp.
MASSIVE DAMAGE!! (PAUSE)
You lost 2 mp, and now have 11/17 mp.
Casting: Scorch (safe; 1% risk of failure)
Confirm with . or Enter, or press ? or * to list all spells.
Flames lash the two-headed ogre.
The two-headed ogre hits you with a +0 giant club!!
You die...

Skill      XL: |  1  2  3  4  5  6  7  8  9 10 |
---------------+-------------------------------+-----
Conjurations   | 2 3 4 5 6 8 9 |  9.2
Fire Magic     | 4 5 6 8 9 10 | 10.6
Spellcasting   | 2 3 4 5 |  5.1
Hexes          | 1 2 |  2.0
Axes           | 2 4 |  4.0
Fighting       | |  0.3
Dodging        | |  1.5
Stealth        | |  1.5

Action                     |  1- 3 |  4- 6 |  7- 9 | 10-12 || total
---------------------------+-------+-------+-------+-------++-------
  Melee: Dagger            |    62 |    30 |    46 |       ||   138
         Punch             |     1 |     2 |       |       ||     3
         Battleaxe         |       |       |     4 |    25 ||    29
   Cast: Foxfire           |    33 |    86 |    97 |    20 ||   236
         Scorch            |     2 |    18 |    67 |    16 ||   103
         Inner Flame       |       |       |     5 |       ||     5
         Flame Wave        |       |       |    10 |     2 ||    12
  Evoke: Wand              |       |     4 |       |       ||     4
    Use: Scroll            |       |    13 |     6 |       ||    19
         Potion            |       |       |     2 |     2 ||     4
   Stab: Sleeping          |     1 |       |       |       ||     1
 Armour: Robe              |     8 |     2 |    29 |    13 ||    52
  Dodge: Dodged            |    44 |    25 |   102 |    36 ||   207
  Block: Other             |       |       |     8 |    29 ||    37
         Reflection        |       |       |     3 |     2 ||     5

Levels and vault maps discovered:
D:1:      pf_arrival_petrified_forest, layout_rooms,
          shapermc_ecumenical_altar_mp_ritualfount, minmay_bisected
D:2:      kb_forest_paths, layout_basic, chequers_mini_garden
D:3:      layout_loops_corners
D:4:      layout_basic
D:5:      layout_basic, minmay_temple_entry_butterflies, serial_demonic,
          serial_demonic_g, serial_demonic_b, serial_demonic_b,
          serial_demonic_b, ebering_ghost_rock_garden, mrwooster_statue_mirror,
          uniq_crazy_yiuf_cottage, uniq_ijyb, uniq_menkaure, uniq_edmund
D:6:      layout_loops_corners
D:7:      layout_cave_pools, bh_walls_and_bars
D:8:      minmay_opposing_rooms, layout_basic, david_lair_shrubbed,
          roderic_serpentine_path
Temple:   mainiacjoe_temple_circle_huts

Notes
Turn   | Place    | Note
-------+----------+-------------------------------------------
     0 | D:1      | kae the Hill Orc Fire Elementalist began the quest for the
                  | Orb.
     0 | D:1      | Reached XP level 1. HP: 14/14 MP: 3/3
     0 | D:1      | magus.rc [v1.11.3]
   241 | D:1      | Reached XP level 2. HP: 20/20 MP: 0/4
   480 | D:1      | You pick up a book of the Dragon and begin reading...
   480 | D:1      | You add the spells Cause Fear, Dragon Form and Dragon's
                  | Call to your library.
   649 | D:1      | Found a faded altar of an unknown god.
   812 | D:2      | Reached skill level 2 in Conjurations
   812 | D:2      | Reached XP level 3. HP: 7/26 MP: 2/5
   907 | D:2      | Learned a level 2 spell: Scorch
   981 | D:2      | Reached skill level 4 in Fire Magic
  1382 | D:2      | Reached skill level 2 in Spellcasting
  1382 | D:2      | Reached XP level 4. HP: 33/33 MP: 5/7
  1573 | D:2      | Learned a level 3 spell: Inner Flame
  1700 | D:3      | You pick up a book of the Spheres and begin reading...
  1700 | D:3      | You add the spells Iskenderun's Battlesphere, Fireball,
                  | Conjure Ball Lightning and Orb of Destruction to your
                  | library.
  2304 | D:3      | Reached XP level 5. HP: 38/38 MP: 3/8
  3028 | D:4      | Reached skill level 3 in Conjurations
  3220 | D:4      | Reached skill level 1 in Hexes
  3368 | D:4      | You fall into a shaft and drop 3 floors!
  3377 | D:7      | Noticed a kobold brigand
  3465 | D:6      | Reached skill level 5 in Fire Magic
  3465 | D:6      | Reached XP level 6. HP: 28/45 MP: 0/9
  3546 | D:6      | You pick up a book of Ice and begin reading...
  3546 | D:6      | You add the spells Freezing Cloud, Simulacrum and Polar
                  | Vortex to your library.
  3591 | D:6      | Noticed an orc warrior
  3596 | D:6      | Killed an orc warrior
  3767 | D:6      | Reached skill level 4 in Conjurations
  3838 | D:6      | Noticed a sky beast
  3846 | D:6      | Killed a sky beast
  3847 | D:6      | Reached skill level 2 in Hexes
  3847 | D:6      | Reached XP level 7. HP: 32/50 MP: 1/11
  3957 | D:6      | HP: 12/50 [orc warrior/+0 dire flail (19)]
  3959 | D:6      | Reached skill level 3 in Spellcasting
  3959 | D:6      | Reached skill level 6 in Fire Magic
  4137 | D:6      | Identified the +1 hat "Zatteg" {-Tele rF+ rC++}
  4437 | D:6      | You add the spells Apportation, Ensorcelled Hibernation,
                  | Hailstorm and Ozocubu's Refrigeration to your library.
  4437 | D:6      | Got the Octavo of Hyperborean Transposition
  4485 | D:6      | Reached skill level 5 in Conjurations
  4556 | D:6      | Reached XP level 8. HP: 52/57 MP: 4/12
  4735 | D:6      | Reached skill level 7 in Fire Magic
  4811 | D:6      | Reached skill level 6 in Conjurations
  5291 | D:5      | Entered Level 5 of the Dungeon
  5291 | D:5      | Found a staircase to the Ecumenical Temple.
  5300 | Temple   | Entered the Ecumenical Temple
  5612 | Temple   | Became a worshipper of Vehumet
  5682 | D:5      | Noticed Edmund
  5684 | D:5      | Noticed Menkaure
  5695 | D:4      | Reached skill level 8 in Fire Magic
  5846 | D:3      | Learned a level 4 spell: Flame Wave
  6287 | D:5      | Reached skill level 4 in Spellcasting
  6287 | D:5      | Reached XP level 9. HP: 60/62 MP: 5/15
  6365 | D:5      | Killed Edmund
  6366 | D:5      | Reached skill level 7 in Conjurations
  7018 | D:5      | Noticed Ijyb
  7026 | D:5      | Killed Ijyb
  7127 | D:5      | Killed Menkaure
  7189 | D:5      | Found a runed translucent door.
  7189 | D:5      | Noticed Crazy Yiuf
  7303 | D:5      | Reached skill level 9 in Fire Magic
  7395 | D:5      | Found a runed translucent gate.
  7396 | D:5      | Found a runed translucent gate.
  7396 | D:5      | Found a runed translucent gate.
  7396 | D:5      | Noticed Leeroy's ghost (amateur DjWr)
  7915 | D:7      | Reached skill level 8 in Conjurations
  7919 | D:7      | Reached skill level 1 in Axes
  8057 | D:7      | Reached * piety under Vehumet
  8057 | D:7      | Offered knowledge of Magic Dart by Vehumet.
  8121 | D:7      | You pick up a book of Burglary and begin reading...
  8121 | D:7      | You add the spells Passwall and Swiftness to your library.
  8906 | D:8      | Reached skill level 2 in Axes
  9031 | D:8      | Noticed a queen bee
  9032 | D:8      | a queen bee changed into a human
  9051 | D:8      | Reached XP level 10. HP: 27/69 MP: 10/17
  9052 | D:8      | HP: 15/69 [human (shapeshifter) (6)]
  9057 | D:8      | Reached skill level 10 in Fire Magic
  9142 | D:8      | HP: 5/103 [komodo dragon (29)]
  9144 | D:8      | Reached skill level 3 in Axes
  9363 | D:8      | Reached skill level 5 in Spellcasting
  9553 | D:8      | Noticed a centaur warrior
  9563 | D:8      | HP: 12/69 [centaur warrior (6)]
  9564 | D:8      | Killed a centaur warrior
  9565 | D:8      | Reached skill level 9 in Conjurations
  9784 | D:8      | Reached skill level 4 in Axes
  9790 | D:8      | Offered knowledge of Shock by Vehumet.
  9850 | D:8      | Noticed a two-headed ogre
  9860 | D:8      | HP: 9/70 [two-headed ogre/+0 giant club (22)]
  9862 | D:8      | Annihilated by a two-headed ogre

Vanquished Creatures
  A centaur warrior (D:8)
  A komodo dragon (D:8)
  A human (shapeshifter) (D:8)
  Edmund (D:5)
  Menkaure (D:5)
  An ice beast (D:6)
  2 black bears
  4 orc warriors
  A sky beast (D:6)
  3 ogres
  2 centaurs
  2 phantoms
  3 bullfrogs
  4 kobold brigands
  4 scorpions
  3 necrophages
  8 wights
  A jelly (D:6)
  A howler monkey (D:8)
  2 gnoll boudas
  A hound (D:5)
  7 orc priests
  2 iguanas (D:6)
  Ijyb (D:5)
  5 orc wizards
  8 gnolls
  9 adders
  3 shadow imps (D:5)
  4 white imps
  2 ufetubi (D:5)
  A worm (D:3)
  3 dart slugs
  35 orcs
  7 endoplasms
  2 giant cockroaches (D:4)
  7 goblins
  3 hobgoblins
  3 jackals (D:4)
  7 quokkas
  2 ball pythons (D:2)
  5 bats
  3 frilled lizards
  18 kobolds
  5 rats
189 creatures vanquished.

Vanquished Creatures (collateral kills)
  2 foxfires (D:5)
2 creatures vanquished.

Vanquished Creatures (others)
  4 demonic plants (D:5)
  384 foxfires
  31 plants
419 creatures vanquished.

Grand Total: 610 creatures vanquished

Table legend:
 A = Non-vault XP
 B = Vault XP
 C = Vault XP percentage of total XP
 D = Non-vault monster count
 E = Vault monster count
 F = Vault count percentage of total count
                 A         B        C        D         E       F
            +---------+---------+-------+---------+---------+-------
      Total |    4517 |    2206 |  32.8 |     160 |      29 |  15.3
            +---------+---------+-------+---------+---------+-------
        D:1 |      14 |       5 |  26.3 |      10 |       3 |  23.1
        D:2 |      53 |      19 |  26.4 |      11 |       6 |  35.3
        D:3 |     171 |       0 |   0.0 |      30 |       0 |   0.0
        D:4 |     252 |       0 |   0.0 |      21 |       0 |   0.0
        D:5 |     502 |     419 |  45.5 |      12 |      10 |  45.5
        D:6 |    1987 |       0 |   0.0 |      32 |       0 |   0.0
        D:7 |     842 |       0 |   0.0 |      26 |       0 |   0.0
        D:8 |     696 |    1763 |  71.7 |      18 |      10 |  35.7
            +---------+---------+-------+---------+---------+-------

Illustrated notes

Table legend:
 A = Kills in this place as a percentage of kills in entire the game.
 B = Kills by you in this place as a percentage of kills by you in the entire game.
 C = Kills by friends in this place as a percentage of kills by friends in the entire game.
 D = Other kills in this place as a percentage of other kills in the entire game.
 E = Experience gained in this place as a percentage of experience gained in the entire game.
 F = Experience gained in this place divided by the number of levels of this place that you have seen.
                   A       B       C       D       E      F
               +-------+-------+-------+-------+-------+----------------------
         Total | 100.0 | 100.0 |   N/A |   N/A | 100.0 | 747.0
       Dungeon | 100.0 | 100.0 |   N/A |   N/A | 100.0 | 840.4
               +-------+-------+-------+-------+-------+----------------------

Table legend: (Time is in decaauts)
 A = Elapsed time spent in this place.
 B = Non-inter-level travel time spent in this place.
 C = Inter-level travel time spent in this place.
 D = Time resting spent in this place.
 E = Time spent auto-exploring this place.
 F = Levels seen in this place.
 G = Mean time per level.
                   A        B        C        D        E       F      G
               +--------+--------+--------+--------+--------+-----+--------+
         Total |   9862 |   9587 |    275 |    656 |   7573 |   9 | 1095.8 |
       Dungeon |   9532 |   9303 |    229 |    656 |   7312 |   8 | 1191.5 |
        Temple |    329 |    283 |     46 |      0 |    261 |   1 |  329.0 |
               +--------+--------+--------+--------+--------+-----+--------+

Top non-repeatable levels by time:
     D:6: 2206 daAuts
     D:3: 1601 daAuts
     D:5: 1309 daAuts
     D:8: 1243 daAuts
     D:7: 843 daAuts
     D:2: 812 daAuts
     D:4: 773 daAuts
     D:1: 742 daAuts
  Temple: 329 daAuts
